 Dungeon Crawl Stone Soup version 0.29-a0-266-gf56f883ddd (webtiles) character file.

Game seed: 2676038021089680393

1235 spaghetti the Fighter (level 8, -6/69 (71) HPs)
             Began as a Demonspawn Gladiator on Mar 6, 2022.
             Was an Initiate of Cheibriados.
             Shot with an arrow by a centaur (9 damage)
             ... on level 7 of the Dungeon.
             The game lasted 00:08:40 (6009 turns).

spaghetti the Fighter (Demonspawn Gladiator)        Turns: 6009, Time: 00:08:41

HP:   -6/69 (71)    AC: 13    Str: 18    XL:     8   Next: 24%
MP:   8/8           EV: 12    Int: 11    God:    Cheibriados [......]
Gold: 200           SH:  4    Dex: 21    Spells: 7/7 levels left

rFire   + . .      SeeInvis .     - Unarmed
rCold   . . .      Faith    .   (no shield)
rNeg    . . .      Spirit   .   m - +1 ring mail {Will+}
rPois   .          Reflect  .   c - +0 helmet
rElec   .          Harm     .   (no cloak)
rCorr   .          Rampage  .   (no gloves)
Will    +....                   (no boots)
Stlth   +.........              (no amulet)
HPRegen 0.21/turn               h - ring of protection from fire
MPRegen 0.11/turn               t - +6 ring of dexterity

@: lightly drained, slow
A: claws 1, thin metallic scales 1, icemail 1, condensation shield
a: Renounce Religion


You were on level 7 of the Dungeon.
You worshipped Cheibriados.
Cheibriados was noncommittal.
You visited 2 branches of the dungeon, and saw 8 of its levels.

You collected 200 gold pieces.


Innate Abilities, Weirdness & Mutations

You have sharp fingernails.
You are partially covered in thin metallic scales. (AC +2)
A meltable icy envelope protects you from harm. (AC +4)
A meltable shield of frost defends you. (SH +4)


   Skills:
 - Level 9.0 Fighting
 - Level 2.6 Staves
 - Level 1.7 Throwing
 - Level 2.6 Dodging
 + Level 4.0 Unarmed Combat


You had 7 spell levels left.
You didn't know any spells.
Your spell library contained the following spells:

 Spells                   Type           Power      Damage    Failure   Level
 Sandblast                Erth           0%         2d4       54%         1
 Ensorcelled Hibernation  Hex/Ice        0%         N/A       67%         2
 Passwall                 Tmut/Erth      0%         N/A       67%         2
 Spider Form              Tmut/Pois      0%         N/A       88%         3
 Stone Arrow              Conj/Erth      0%         3d7       88%         3
 Anguish                  Hex/Necr       0%         N/A       99%         4

Inventory:

Hand Weapons
 a - a +1 quarterstaff {staff}
 o - a +1 dagger of venom {short}
   (You took it off a goblin on level 2 of the Dungeon)
 B - a +1 short sword of venom {short}
   (You took it off a kobold on level 6 of the Dungeon)
Missiles
 e - a javelin (quivered) {throwing}
 f - 2 boomerangs {throwing}
 j - 190 stones {throwing}
 r - 4 boomerangs of dispersal {=f!fthrowing}
Armour
 b - a +0 leather armour
 c - a +0 helmet (worn)
 m - a +1 ring mail of willpower (worn)
   (You found it on level 1 of the Dungeon)
Magical Staves
 u - a staff of conjuration {!a@e2staff}
   (You found it on level 2 of the Dungeon)
 y - a staff of conjuration {!a@e2staff}
   (You found it on level 5 of the Dungeon)
Jewellery
 h - a ring of protection from fire (left claw)
   (You found it on level 1 of the Dungeon)
 i - a ring of resist corrosion
   (You found it on level 1 of the Dungeon)
 s - an amulet of magic regeneration {@e2}
   (You found it on level 2 of the Dungeon)
 t - a +6 ring of dexterity (right claw)
   (You found it on level 2 of the Dungeon)
Wands
 x - a wand of charming (5)
   (You found it on level 4 of the Dungeon)
Scrolls
 k - a scroll of identify {@r1}
 l - a scroll of vulnerability {!r!r}
 n - 2 scrolls of enchant weapon
 w - 2 scrolls of enchant armour

Dungeon Overview and Level Annotations

Branches:
Dungeon (7/15)             Temple (1/1) D:7

Altars:
Cheibriados
Gozag
Okawaru
Vehumet
Wu Jian

Shops:
D:3 (==(

Annotations:
D:4 2 transporters, Pooter's ghost, novice MiBe

####### #...F@# ###
#...{.# ..####[....#
#####..............
##........c.(.........
......#..#####.#.....#
............ #.##.####
.....c..##.# #.# .#
.....h.....# #.# .#


You could see a bullfrog and a centaur.


Message History

You barely miss the centaur. The hound bites you but does no damage.
The bullfrog misses you.
The centaur hits you but does no damage.
You block the centaur's attack. The hound bites you.
* * * LOW HITPOINT WARNING * * *
The bullfrog closely misses you. 😱 HP[-5]
You take 5 damage, and now have 15/69 hp.
Unknown command.
You scratch the centaur.
Your surroundings suddenly seem different. 😱 HP[+1]
You start resting.
A hound is nearby! 😨 HP[+8]
You regained 8 hp, and now have 24/69 hp.
Unknown command.
Okay, then.
Aiming: Charm
Press: ? - help, Shift-Dir - straight line, f - hound
Aim: a hound (wandering, hasn't noticed you, chance to affect: 57%)
The hound barks!
The hound resists with significant effort.
Aiming: Charm
Press: ? - help, Shift-Dir - straight line, f/p - hound
Aim: a hound (chance to affect: 57%)
The hound resists with significant effort.
Aiming: Charm
Press: ? - help, Shift-Dir - straight line, f/p - hound
Aim: a hound (chance to affect: 57%)
The hound is charmed.
The bullfrog gives a loud, deep croak!
You hear a shout! 😨 HP[+1]
What are your orders? t - Shout!
Orders for allies: a - Attack new target. p - Attack previous target. r - Retreat! s - Stop attacking. g - Guard the area. f - Follow me.
Anything else - Cancel.
Gang up on whom?
Press: ? - help, Dir - move target, f - bullfrog, p - hound
Aim: a bullfrog Attack!
The bullfrog hits your hound.
A sky beast comes into view.
Your hound bites the bullfrog.
Your hound closely misses the bullfrog.
You barely miss the bullfrog. The bullfrog barely misses you.
The centaur wields a +0 shortbow.
The centaur shoots an arrow.
The arrow hits your hound!
You scratch the bullfrog.
Your hound barely misses the bullfrog.
The bullfrog hits you but does no damage.
The centaur shoots an arrow.
The arrow barely misses your hound. The arrow hits you but does no damage.
Your hound bites the bullfrog.
You block the bullfrog's attack.
You scratch the bullfrog.
The centaur shoots an arrow.
The arrow misses your hound. The arrow barely misses you.
Your hound closely misses the bullfrog.
The bullfrog hits you but does no damage.
The centaur shoots an arrow.
The arrow hits your hound!
Your hound dies! 😨 HP[+1]
Okay, then.
Okay, then.
You aren't carrying any potions.
Throw: throwing net {=f!fthrowing}
Press: ? - help, Q - select action, (/) - cycle Shift-Dir - straight line, f/p - bullfrog
Aim: a bullfrog (moderately wounded, 60% to hit)
Okay, then.
The bullfrog misses you.
The centaur shoots an arrow.
The arrow hits you!
* * * LOW HITPOINT WARNING * * *
😱 HP[-9]
You take 9 damage, and now have 17/69 hp.
Unknown command.
You block the sky beast's attack. The bullfrog hits you.
* * * LOW HITPOINT WARNING * * *
The sky beast flickers out of sight!
Deactivating autopickup; reactivate with Ctrl-A.
You block something's attack.
The centaur shoots an arrow.
The arrow hits you but does no damage. 😱 HP[-2]
You take 2 damage, and now have 15/69 hp.
Unknown command.
Throw: dart (curare) {=fthrowing}
Press: ? - help, Shift-Dir - straight line, p - bullfrog You throw a curare-tipped dart {=fthrowing}.
The bullfrog hits you.
* * * LOW HITPOINT WARNING * * *
Something hits you.
* * * LOW HITPOINT WARNING * * *
Something shocks you.
* * * LOW HITPOINT WARNING * * *
😱 HP[-12]
You take 12 damage, and now have 3/69 hp.
Throw: throwing net {=f!fthrowing}
Press: ? - help, Q - select action, (/) - cycle Shift-Dir - straight line You throw a throwing net {=f!fthrowing}.
Something gets caught in the net!
The bullfrog hits you.
* * * LOW HITPOINT WARNING * * *
The centaur shoots an arrow.
The arrow hits you!
You die...

Skill      XL: |  1  2  3  4  5  6  7  8 |
---------------+-------------------------+-----
Fighting       | 3 4 5 6 7 8 9 |  9.0
Unarmed Combat | 1 4 |  4.0
Staves         | |  2.6
Throwing       | |  1.7
Dodging        | |  2.6

Action                   |  1- 3 |  4- 6 |  7- 9 || total
-------------------------+-------+-------+-------++-------
Melee: Quarterstaff      |    55 |       |       ||    55
       Dagger            |    70 |   124 |    73 ||   267
       Punch             |     1 |       |     1 ||     2
       Short sword       |       |       |    47 ||    47
       Unarmed           |       |       |    13 ||    13
Throw: Throwing net      |       |     4 |     1 ||     5
       Dart              |       |       |     1 ||     1
Evoke: Wand              |       |       |     3 ||     3
  Use: Scroll            |     3 |     3 |     7 ||    13
       Potion            |       |     4 |     4 ||     8
 Stab: Sleeping          |       |     1 |     1 ||     2
       Held in net/web   |       |     1 |       ||     1
Armor: Leather armour    |    14 |       |       ||    14
       Ring mail         |    22 |    47 |    73 ||   142
       Skin              |       |       |     6 ||     6
Dodge: Dodged            |    69 |    39 |    87 ||   195
Block: Other             |    17 |    15 |    28 ||    60

Levels and vault maps discovered:
D:1:      dpeg_arrival_concentric_ovals, layout_loops_ring,
          basic_ecumenical_altar, minmay_misc_feat_room
D:2:      layout_basic
D:3:      layout_basic, serial_shops, nicolae_shop_statue_plus, shop,
          nicolae_shop_hallway_plus, shop, nicolae_square_shop, uniq_sigmund
D:4:      layout_basic, gammafunk_ghost_abyssal_escape, st_stairs_7,
          columned_hall_lemuel
D:5:      layout_loops_corners
D:6:      layout_rooms, uniq_pikel
D:7:      layout_basic, temple_doors_e, uniq_crazy_yiuf_cottage
Temple:   mainiacjoe_temple_trianglar_array

Notes
Turn   | Place    | Note
-------+----------+-------------------------------------------
     0 | D:1      | spaghetti the Demonspawn Gladiator began the quest for the
                  | Orb.
     0 | D:1      | Reached XP level 1. HP: 16/16 MP: 1/1
     0 | D:1      | magus.rc [v1.9.6]
    41 | D:1      | You pick up a book of Dreams and begin reading...
    41 | D:1      | You add the spells Ensorcelled Hibernation, Spider Form and
                  | Anguish to your library.
   256 | D:1      | Gained mutation: A meltable shield of frost defends you.
                  | (SH +4) [demonic ancestry]
   256 | D:1      | Reached XP level 2. HP: 22/23 MP: 2/2
   351 | D:1      | Reached skill level 3 in Fighting
   609 | D:1      | Found a faded altar of an unknown god.
  1215 | D:2      | Gained mutation: A meltable icy envelope protects you from
                  | harm. (AC +4) [demonic ancestry]
  1215 | D:2      | Reached XP level 3. HP: 21/29 MP: 3/3
  1617 | D:2      | Reached skill level 4 in Fighting
  2117 | D:2      | Reached XP level 4. HP: 38/38 MP: 4/4
  2344 | D:3      | Found Myewk's Weapon Boutique.
  2367 | D:3      | Found Wuita's Jewellery Boutique.
  2388 | D:3      | Noticed a black bear
  2403 | D:3      | Killed a black bear
  2404 | D:3      | Reached skill level 5 in Fighting
  2404 | D:3      | Gained mutation: You have sharp fingernails. [demonic
                  | ancestry]
  2404 | D:3      | Reached XP level 5. HP: 37/44 MP: 5/5
  2504 | D:3      | Found Namuiczu's Weapon Shoppe.
  2531 | D:3      | Found Siulizxa's Jewellery Shoppe.
  2758 | D:3      | Reached skill level 6 in Fighting
  2795 | D:3      | Noticed Sigmund
  2812 | D:3      | Killed Sigmund
  2813 | D:3      | Gained mutation: You are partially covered in thin metallic
                  | scales. (AC +2) [demonic ancestry]
  2813 | D:3      | Reached XP level 6. HP: 53/53 MP: 6/6
  2857 | D:3      | Found Coimm's Magic Scroll Shoppe.
  3055 | D:4      | Reached skill level 7 in Fighting
  3086 | D:4      | Found a transporter.
  3088 | D:4      | Found a transporter.
  3628 | D:4      | Noticed Pooter's ghost (novice MiBe)
  3847 | D:5      | Entered Level 5 of the Dungeon
  3913 | D:5      | Reached skill level 1 in Unarmed Combat
  3913 | D:5      | Reached XP level 7. HP: 61/61 MP: 7/7
  4008 | D:5      | You pick up a book of Geomancy and begin reading...
  4008 | D:5      | You add the spells Sandblast, Passwall and Stone Arrow to
                  | your library.
  4445 | D:5      | Reached skill level 2 in Unarmed Combat
  4789 | D:6      | Reached skill level 8 in Fighting
  4813 | D:6      | Reached skill level 3 in Unarmed Combat
  4826 | D:6      | Reached skill level 4 in Unarmed Combat
  4827 | D:6      | HP: 23/93 [poisoned by a kobold]
  5117 | D:6      | HP: 9/62 [phantom (7)]
  5118 | D:6      | Reached XP level 8. HP: 10/68 MP: 8/8
  5128 | D:6      | HP: 7/68 [scroll of holy word (5)]
  5460 | D:7      | HP: 17/69 [centaur (5)]
  5465 | D:7      | HP: 17/69 [centaur (1)]
  5769 | D:7      | Found a staircase to the Ecumenical Temple.
  5791 | D:7      | Reached skill level 9 in Fighting
  5802 | Temple   | Entered the Ecumenical Temple
  5903 | Temple   | Became a worshipper of Cheibriados the Contemplative
  5956 | D:7      | HP: 15/69 [hound (5)]
  6006 | D:7      | HP: 17/69 [centaur/arrow (9)]
  6008 | D:7      | HP: 8/69 [something (2)]
  6008 | D:7      | HP: 3/69 [something (5)]
  6009 | D:7      | Shot with an arrow by a centaur

Vanquished Creatures
  Sigmund (D:3)
  A black bear (D:3)
  A sky beast (D:6)
  2 ogres
  A phantom (D:6)
  A centaur (D:7)
  A kobold brigand (D:6)
  A scorpion (D:4)
  A necrophage (D:7)
  A howler monkey (D:6)
  3 hounds
  An orc priest (D:5)
  2 iguanas
  2 orc wizards (D:4)
  3 adders
  2 worms
  A dart slug (D:4)
  11 orcs
  11 ball pythons
  11 endoplasms
  8 hobgoblins
  10 jackals
  8 kobolds
  7 bats
  4 frilled lizards
  9 goblins
  4 rats
108 creatures vanquished.

Vanquished Creatures (others)
  A hound (D:7)
1 creature vanquished.

Grand Total: 109 creatures vanquished

Table legend:
 A = Non-vault XP
 B = Vault XP
 C = Vault XP percentage of total XP
 D = Non-vault monster count
 E = Vault monster count
 F = Vault count percentage of total count
                 A         B        C        D         E       F
            +---------+---------+-------+---------+---------+-------
      Total |    1539 |     226 |  12.8 |     105 |       3 |   2.8
            +---------+---------+-------+---------+---------+-------
        D:1 |      34 |       0 |   0.0 |      22 |       0 |   0.0
        D:2 |      66 |       0 |   0.0 |      29 |       0 |   0.0
        D:3 |     207 |     220 |  51.5 |      15 |       1 |   6.2
        D:4 |     194 |       6 |   3.0 |      16 |       2 |  11.1
        D:5 |     297 |       0 |   0.0 |       9 |       0 |   0.0
        D:6 |     556 |       0 |   0.0 |      11 |       0 |   0.0
        D:7 |     185 |       0 |   0.0 |       3 |       0 |   0.0
            +---------+---------+-------+---------+---------+-------

Illustrated notes

Table legend:
 A = Kills in this place as a percentage of kills in entire the game.
 B = Kills by you in this place as a percentage of kills by you in the entire game.
 C = Kills by friends in this place as a percentage of kills by friends in the entire game.
 D = Other kills in this place as a percentage of other kills in the entire game.
 E = Experience gained in this place as a percentage of experience gained in the entire game.
 F = Experience gained in this place divided by the number of levels of this place that you have seen.
                   A       B       C       D       E      F
               +-------+-------+-------+-------+-------+----------------------
         Total | 100.0 | 100.0 |   N/A |   N/A | 100.0 | 220.6
       Dungeon | 100.0 | 100.0 |   N/A |   N/A | 100.0 | 252.1
               +-------+-------+-------+-------+-------+----------------------

Table legend: (Time is in decaauts)
 A = Elapsed time spent in this place.
 B = Non-inter-level travel time spent in this place.
 C = Inter-level travel time spent in this place.
 D = Time resting spent in this place.
 E = Time spent auto-exploring this place.
 F = Levels seen in this place.
 G = Mean time per level.
                   A        B        C        D        E       F      G
               +--------+--------+--------+--------+--------+-----+--------+
         Total |   6015 |   5834 |    181 |   1215 |   3812 |   8 |  751.9 |
       Dungeon |   5894 |   5740 |    154 |   1215 |   3721 |   7 |  842.0 |
        Temple |    120 |     94 |     26 |      0 |     91 |   1 |  120.0 |
               +--------+--------+--------+--------+--------+-----+--------+

Top non-repeatable levels by time:
     D:2: 1181 daAuts
     D:1: 1138 daAuts
     D:5: 911 daAuts
     D:4: 894 daAuts
     D:6: 702 daAuts
     D:3: 617 daAuts
     D:7: 447 daAuts
  Temple: 120 daAuts
